 Dungeon Crawl Stone Soup version 0.30-b1-2-g02819fbbbe (webtiles) character file.

Game seed: 16898785305884212240

130 Ashen the Ogre Mage (level 5, -9/49 HPs)
             Began as an Ogre Fire Elementalist on Sept 7, 2023.
             Killed from afar by Discosetron's ghost (10 damage)
             ... with a zap
             ... on level 3 of the Dungeon.
             The game lasted 00:09:14 (2128 turns).

Ashen the Ogre Mage (Ogre Fire Elementalist)        Turns: 2128, Time: 00:09:14

Health: -9/49      AC:  3    Str: 12    XL:     5   Next: 14%
Magic:  5/9        EV: 10    Int: 18    God:
Gold:   142        SH:  0    Dex:  9    Spells: 3/10 levels left

rFire   . . .        (no weapon)
rCold   . . .        (no shield)
rNeg    . . .        a - +0 robe
rPois   .            (helmet restricted)
rElec   .            (no cloak)
rCorr   .            (gloves unavailable)
SInv    .            (boots unavailable)
Will    .....        (no amulet)
Stlth   ++           (no ring)
HPRegen 0.28/turn    (no ring)
MPRegen 0.11/turn

%: no passive effects
@: lethally poisoned (-9 -> -11), very slightly contaminated
A: large, unfitting armour, tough skin 1
a: no special abilities


You were on level 3 of the Dungeon.
You visited 1 branch of the dungeon, and saw 3 of its levels.

You collected 142 gold pieces.

Inventory:

Armour
 a - a +0 robe (worn)
Scrolls
 c - 2 scrolls of enchant weapon {unknown}
 d - 3 scrolls of identify {unknown}
 e - a scroll of fear {unknown}
 g - a scroll of noise {unknown}
 h - a scroll of teleportation {unknown}
 i - a scroll of magic mapping {unknown}
 k - a scroll of brand weapon {unknown}
 l - a scroll of blinking {unknown}
Potions
 b - a potion of magic
 f - a potion of heal wounds {unknown}
 j - a potion of curing {unknown}


   Skills:
 + Level 2.0 Fighting
 + Level 2.4 Dodging
 + Level 2.1 Stealth
 + Level 3.2 Spellcasting
 + Level 1.7 Conjurations
 + Level 3.2 Fire Magic


You had 3 spell levels left.
You knew the following spells:

 Your Spells              Type           Power      Damage    Failure   Level
a - Foxfire               Conj/Fire      44%        2x1d6     6%          1
b - Scorch                Fire           28%        2d6       6%          2
c - Flame Wave            Conj/Fire      11%        2d6       50%         4

Your spell library contained the following spells:

 Spells                   Type           Power      Damage    Failure   Level
 Blink                    Tloc           4%         N/A       24%         2
 Sublimation of Blood     Necr           2%         N/A       24%         2
 Wereblood                Tmut           2%         N/A       24%         2
 Inner Flame              Hex/Fire       8%         N/A       24%         3
 Volatile Blastmotes      Fire/Tloc      16%        2d11      24%         3
 Ozocubu's Armour         Ice            2%         N/A       43%         3
 Manifold Assault         Tloc           2%         N/A       85%         4
 Metabolic Englaciation   Hex/Ice        1%         N/A       99%         5
 Simulacrum               Ice/Necr       1%         N/A       100%        6
 Storm Form               Tmut/Air       1%         N/A       100%        7
 Summon Hydra             Summ           1%         N/A       100%        7


Dungeon Overview and Level Annotations

Branches:
Dungeon (3/15)

Altars:
Wu Jian

Annotations:
D:1 1 transporter
D:3 Discosetron's ghost, amateur DjAE


Innate Abilities, Weirdness & Mutations

You are too large for most types of armour.
You have tough skin. (AC +1)


Message History

The quokka is heavily wounded.
The quokka bites you. The adder bites you.
Discosetron's ghost closely misses you. Magic courses through your body.
You feel sick.
The foxfire hits the quokka.
You kill the quokka!
The foxfire hits Discosetron's ghost.
Discosetron's ghost completely resists.
The adder closely misses you. Discosetron's ghost hits you.
Casting: Foxfire (safe; 6% risk of failure)
Confirm with . or Enter, or press ? or * to list all spells.
You conjure some foxfire!
You feel sick. The adder bites you.
* * * LOW HITPOINT WARNING * * *
The adder closely misses you.
Discosetron's ghost hits you but does no damage.
Casting: Foxfire (safe; 6% risk of failure)
Confirm with . or Enter, or press ? or * to list all spells.
You conjure some foxfire!
You feel sick.
The foxfire hits Discosetron's ghost.
Discosetron's ghost completely resists.
The foxfire hits the adder.
The adder is moderately wounded.
The adder bites you.
* * * LOW HITPOINT WARNING * * *
Discosetron's ghost closely misses you.
Casting: Foxfire (safe; 6% risk of failure)
Confirm with . or Enter, or press ? or * to list all spells.
You miscast Foxfire.
Nothing appears to happen.
You feel sick.
The foxfire hits Discosetron's ghost.
Discosetron's ghost completely resists.
The foxfire hits the adder.
The adder is severely wounded.
The adder closely misses you.
Discosetron's ghost points at you and mumbles some strange words.
The zap hits you.
* * * LOW HITPOINT WARNING * * *
Casting: Foxfire (safe; 6% risk of failure)
Confirm with . or Enter, or press ? or * to list all spells.
You conjure some foxfire!
You feel sick. The adder bites you.
* * * LOW HITPOINT WARNING * * *
The adder bites you.
* * * LOW HITPOINT WARNING * * *
Discosetron's ghost points at you and mumbles some strange words.
The zap hits you!
You die...

##.#~~~~~~ #.#
#.####..'~~~~!~ #.#
#.......#r~~~~~ #.#
#######.####### #.#
#........# #.#
#........## #.#
#.........## #.#
###...Sv§..# #.#
##..W@...# #.#
#..v....# ##.#
#.......# ######..#
#......†# ###..).....
#.......###...##.####
#...........####.# #
#.......##.># #.# #
#.......###.## #.# #
#.......#..†.# #.# #


You could see Discosetron's ghost (ally target) and an adder (ally target).

Vanquished Creatures
  4 gnolls (D:2)
  4 adders
  2 dart slugs
  7 ball pythons
  5 bats
  4 endoplasms
  2 giant cockroaches (D:1)
  4 goblins (D:1)
  6 hobgoblins
  4 quokkas
  2 frilled lizards
  2 kobolds (D:2)
  7 rats
53 creatures vanquished.

Vanquished Creatures (others)
  155 foxfires
155 creatures vanquished.

Grand Total: 208 creatures vanquished

Notes
Turn   | Place    | Note
-------+----------+-------------------------------------------
     0 | D:1      | Ashen the Ogre Fire Elementalist began the quest for the
                  | Orb.
     0 | D:1      | Reached XP level 1. HP: 16/16 MP: 3/3
   122 | D:1      | Reached skill level 1 in Conjurations
   212 | D:1      | Reached XP level 2. HP: 25/26 MP: 1/5
   559 | D:1      | Reached skill level 1 in Fighting
   566 | D:1      | Reached XP level 3. HP: 18/33 MP: 0/7
  1334 | D:2      | Reached XP level 4. HP: 25/41 MP: 3/8
  1465 | D:2      | Found an ornate altar of the Wu Jian Council.
  1652 | D:2      | Learned a level 2 spell: Scorch
  1657 | D:2      | Learned a level 4 spell: Flame Wave
  2046 | D:3      | Reached XP level 5. HP: 49/49 MP: 6/9
  2102 | D:3      | Found a runed translucent door.
  2103 | D:3      | Noticed Discosetron's ghost (amateur DjAE)
  2128 | D:3      | HP: 1/49 [adder (3)]
  2128 | D:3      | Killed from afar by Discosetron's ghost

Illustrated notes

Levels and vault maps discovered:
D:1:      spicycebolla_arrival_risky_transporter, layout_rooms,
          minmay_pentomino_z4
D:2:      layout_basic, basic_altar, serial_bayou_lagoon_b
D:3:      layout_basic, mainiacjoe_overflow_alcove_2, ebering_ghost_sewer_f,
          uniq_ijyb

Skill      XL: |  1  2  3  4 |
---------------+-------------+-----
Conjurations   | 1 |  1.7
Dodging        | 2 |  2.4
Fighting       | 1 2 |  2.0
Spellcasting   | 3 |  3.2
Fire Magic     | 3 |  3.2
Stealth        | 2 |  2.1

Action                     |  1- 3 |  4- 6 || total
---------------------------+-------+-------++-------
  Melee: Unarmed           |    61 |     3 ||    64
   Cast: Foxfire           |    62 |    32 ||    94
    Use: Potion            |       |     1 ||     1
   Stab: Sleeping          |     1 |       ||     1
 Armour: Robe              |    49 |    11 ||    60
  Dodge: Dodged            |    63 |    23 ||    86
